[ AOE2 MATCH · #505056213 ]
UnrankedMagyars vs Magyars
Player's team · LOSS
Rival team · WIN
[ REPLAY ANALYSIS · EXTRACTED FROM THE RECORDED GAME ]
Feudal
9:09
Castle
—
Imperial
—
| APM avg | 76.3 |
| APM peak | 102 |
| eAPM avg | 30.2 |
| Villagers / military | 48 / 8 |
Focus
⚔️ 36.4% · 🌾 63.6%
Militia ×5 · Spearman ×3
Feudal
10:40
Castle
15:56
Imperial
—
| APM avg | 51.3 |
| APM peak | 202 |
| eAPM avg | 26.5 |
| Villagers / military | 28 / 21 |
Focus
⚔️ 39.1% · 🌾 60.9%
Magyar Huszar ×20 · Petard ×1
Match map
Initial resources + every placement click. Lines = walls · curves = elevation contours. ◆ gold · ⬟ stone · ● berries · ✦ relic · ◌ wall gap
Your base· ✓ Closed at 21:03 · 93t walls · no gate
JeanLuc Petard's base· Open — unwalled flank
Smoothed initial terrain · ◌ = detected wall gap · hover for details
Inputs per minute
— Berrante - - JeanLuc Petard
Build order — Berrante
First 150 of 161 actions detected
| 0:03 | Queue | Villager (Male) |
| 0:03 | Queue | Villager (Male) |
| 0:06 | Build | House |
| 0:07 | Build | House |
| 0:10 | Queue | Villager (Male) |
| 0:11 | Queue | Villager (Male) |
| 0:11 | Queue | Villager (Male) |
| 1:21 | Build | Lumber Camp |
| 1:32 | Queue | Villager (Male) |
| 2:07 | Queue | Villager (Male) |
| 2:07 | Queue | Villager (Male) |
| 2:37 | Queue | Villager (Male) |
| 2:37 | Queue | Villager (Male) |
| 2:50 | Queue | Villager (Male) |
| 3:05 | Build | House |
| 3:17 | Queue | Villager (Male) |
| 3:17 | Queue | Villager (Male) |
| 3:50 | Build | Mill |
| 3:53 | Queue | Villager (Male) |
| 3:53 | Queue | Villager (Male) |
| 4:16 | Queue | Villager (Male) |
| 4:16 | Queue | Villager (Male) |
| 4:36 | Queue | Villager (Male) |
| 4:36 | Queue | Villager (Male) |
| 4:58 | Queue | Villager (Male) |
| 4:58 | Queue | Villager (Male) |
| 5:26 | Queue | Villager (Male) |
| 5:34 | Build | House |
| 5:50 | Queue | Villager (Male) |
| 5:52 | Queue | Villager (Male) |
| 6:14 | Research | Loom |
| 6:59 | Research | Feudal Age |
| 7:13 | Build | Barracks |
| 7:54 | Build | House |
| 8:01 | Queue | Militia |
| 8:01 | Queue | Militia |
| 8:01 | Queue | Militia |
| 8:24 | Build | House |
| 8:33 | Build | Mining Camp |
| 8:36 | Queue | Militia |
| 8:50 | Build | Outpost |
| 9:09 | Age | Feudal Age |
| 9:13 | Build | Watch Tower |
| 9:16 | Research | Man-at-Arms (upgrade) |
| 9:16 | Queue | Villager (Male) |
| 9:20 | Queue | Villager (Male) |
| 9:36 | Queue | Villager (Male) |
| 9:55 | Queue | Militia |
| 10:10 | Build | Palisade Wall |
| 10:14 | Queue | Villager (Male) |
| 10:18 | Build | Mining Camp |
| 10:44 | Queue | Villager (Male) |
| 10:58 | Build | Palisade Wall |
| 10:59 | Build | Palisade Wall |
| 11:08 | Queue | Villager (Male) |
| 11:41 | Queue | Villager (Male) |
| 11:48 | Queue | Villager (Male) |
| 11:54 | Build | Watch Tower |
| 12:04 | Build | Blacksmith |
| 12:23 | Queue | Villager (Male) |
| 12:27 | Research | Double-Bit Axe |
| 12:33 | Queue | Villager (Male) |
| 12:41 | Queue | Villager (Male) |
| 12:46 | Research | Fletching |
| 12:51 | Queue | Villager (Male) |
| 12:52 | Build | Farm |
| 13:22 | Queue | Villager (Male) |
| 13:49 | Queue | Villager (Male) |
| 13:53 | Build | Palisade Wall |
| 13:53 | Build | Palisade Wall |
| 13:53 | Build | Palisade Wall |
| 13:54 | Build | Palisade Wall |
| 13:54 | Build | Palisade Wall |
| 13:54 | Build | Palisade Wall |
| 14:00 | Queue | Villager (Male) |
| 14:05 | Build | House |
| 14:15 | Build | Stone Wall |
| 14:16 | Build | Stone Wall |
| 14:16 | Build | Stone Wall |
| 14:16 | Build | Stone Wall |
| 14:17 | Build | Stone Wall |
| 14:17 | Build | Stone Wall |
| 14:17 | Build | Stone Wall |
| 14:17 | Build | Stone Wall |
| 14:18 | Build | Stone Wall |
| 14:18 | Build | Stone Wall |
| 14:18 | Build | Stone Wall |
| 14:19 | Build | Stone Wall |
| 14:19 | Build | Stone Wall |
| 14:19 | Build | Stone Wall |
| 14:19 | Build | Stone Wall |
| 14:20 | Build | Stone Wall |
| 14:20 | Build | Stone Wall |
| 14:21 | Build | Stone Wall |
| 14:21 | Build | Stone Wall |
| 14:22 | Build | Stone Wall |
| 14:22 | Build | Stone Wall |
| 14:22 | Build | Stone Wall |
| 14:23 | Build | Stone Wall |
| 14:32 | Queue | Villager (Male) |
| 14:33 | Build | Farm |
| 14:47 | Queue | Villager (Male) |
| 14:48 | Build | Farm |
| 14:50 | Build | Farm |
| 14:51 | Build | Farm |
| 14:51 | Build | Farm |
| 15:10 | Build | Watch Tower |
| 15:22 | Queue | Villager (Male) |
| 15:37 | Build | Palisade Wall |
| 15:38 | Build | Palisade Wall |
| 15:46 | Build | Farm |
| 15:47 | Build | Farm |
| 15:53 | Queue | Villager (Male) |
| 15:54 | Build | House |
| 16:02 | Build | Farm |
| 16:33 | Queue | Villager (Male) |
| 16:39 | Build | Outpost |
| 16:43 | Build | Farm |
| 17:08 | Queue | Villager (Male) |
| 17:10 | Build | Farm |
| 17:22 | Build | Stone Wall |
| 17:29 | Build | Stone Wall |
| 17:39 | Research | Wheelbarrow |
| 17:39 | Research | Wheelbarrow |
| 17:43 | Build | Stone Wall |
| 17:47 | Build | Stone Wall |
| 17:52 | Build | Stone Wall |
| 18:13 | Build | Palisade Wall |
| 18:38 | Build | Mining Camp |
| 18:49 | Build | Farm |
| 18:56 | Build | Market |
| 19:03 | Build | House |
| 19:13 | Queue | Villager (Male) |
| 19:16 | Build | House |
| 19:43 | Queue | Villager (Male) |
| 19:51 | Build | Stone Wall |
| 19:52 | Build | Stone Wall |
| 19:55 | Build | Stone Wall |
| 19:58 | Build | Stone Wall |
| 20:08 | Build | House |
| 20:10 | Build | House |
| 20:11 | Build | Stone Wall |
| 20:13 | Build | Stone Wall |
| 20:21 | Queue | Villager (Male) |
| 20:35 | Build | Stone Wall |
| 20:37 | Build | Stone Wall |
| 20:45 | Build | Stone Wall |
| 20:55 | Queue | Spearman |
| 20:55 | Queue | Spearman |
| 21:03 | Research | Castle Age |
Build order — JeanLuc Petard
99 actions detected in the replay
| 0:00 | Queue | Villager (Male) |
| 0:00 | Queue | Villager (Male) |
| 0:01 | Queue | Villager (Male) |
| 0:01 | Queue | Villager (Male) |
| 0:02 | Build | House |
| 0:04 | Build | House |
| 1:40 | Queue | Villager (Male) |
| 1:40 | Queue | Villager (Male) |
| 2:06 | Queue | Villager (Male) |
| 2:06 | Queue | Villager (Male) |
| 2:12 | Queue | Villager (Male) |
| 2:12 | Queue | Villager (Male) |
| 2:24 | Build | Lumber Camp |
| 2:35 | Queue | Villager (Male) |
| 2:35 | Queue | Villager (Male) |
| 2:47 | Build | Palisade Wall |
| 2:50 | Build | Palisade Wall |
| 2:53 | Build | Palisade Wall |
| 2:56 | Build | Palisade Wall |
| 3:02 | Queue | Villager (Male) |
| 3:15 | Queue | Villager (Male) |
| 3:15 | Queue | Villager (Male) |
| 3:34 | Build | House |
| 3:43 | Queue | Villager (Male) |
| 3:48 | Build | House |
| 3:53 | Build | Palisade Wall |
| 3:54 | Build | Palisade Wall |
| 3:55 | Build | Palisade Wall |
| 3:57 | Build | Palisade Wall |
| 4:08 | Queue | Villager (Male) |
| 4:08 | Queue | Villager (Male) |
| 4:27 | Queue | Villager (Male) |
| 4:27 | Queue | Villager (Male) |
| 4:28 | Queue | Villager (Male) |
| 4:53 | Queue | Villager (Male) |
| 5:11 | Build | Mill |
| 5:21 | Build | Palisade Wall |
| 5:22 | Build | Palisade Wall |
| 5:36 | Build | Palisade Wall |
| 5:53 | Queue | Villager (Male) |
| 6:15 | Queue | Villager (Male) |
| 6:16 | Queue | Villager (Male) |
| 6:16 | Queue | Villager (Male) |
| 6:49 | Build | Mining Camp |
| 7:12 | Build | Palisade Wall |
| 7:13 | Build | Palisade Wall |
| 7:14 | Build | Palisade Wall |
| 7:17 | Queue | Villager (Male) |
| 7:17 | Research | Loom |
| 7:27 | Build | Palisade Wall |
| 8:16 | Build | Palisade Wall |
| 8:18 | Build | Palisade Wall |
| 8:19 | Build | Palisade Wall |
| 8:30 | Research | Feudal Age |
| 8:33 | Build | Palisade Wall |
| 8:35 | Build | Palisade Wall |
| 9:29 | Build | Palisade Wall |
| 9:49 | Build | Palisade Wall |
| 10:07 | Build | Palisade Wall |
| 10:32 | Build | Palisade Wall |
| 10:40 | Age | Feudal Age |
| 10:50 | Build | Farm |
| 10:54 | Queue | Villager (Male) |
| 11:01 | Build | Market |
| 11:19 | Build | Stone Wall |
| 11:52 | Build | Blacksmith |
| 13:17 | Research | Castle Age |
| 14:00 | Build | Stone Wall |
| 14:05 | Build | Palisade Wall |
| 14:16 | Build | Palisade Wall |
| 14:30 | Build | Palisade Wall |
| 14:34 | Build | Mining Camp |
| 15:56 | Age | Castle Age |
| 16:00 | Build | Castle |
| 17:06 | Queue | Magyar Huszar |
| 17:06 | Queue | Magyar Huszar |
| 17:06 | Queue | Magyar Huszar |
| 18:08 | Queue | Magyar Huszar |
| 18:08 | Queue | Magyar Huszar |
| 18:08 | Queue | Magyar Huszar |
| 18:15 | Build | Farm |
| 18:34 | Build | Farm |
| 18:43 | Queue | Magyar Huszar |
| 18:43 | Queue | Magyar Huszar |
| 18:53 | Build | Farm |
| 19:03 | Queue | Petard |
| 19:30 | Queue | Magyar Huszar |
| 19:31 | Queue | Magyar Huszar |
| 19:43 | Queue | Magyar Huszar |
| 19:43 | Queue | Magyar Huszar |
| 19:54 | Build | Farm |
| 20:26 | Queue | Magyar Huszar |
| 20:26 | Queue | Magyar Huszar |
| 21:06 | Queue | Magyar Huszar |
| 21:06 | Queue | Magyar Huszar |
| 21:16 | Queue | Magyar Huszar |
| 21:16 | Queue | Magyar Huszar |
| 22:07 | Queue | Magyar Huszar |
| 22:07 | Queue | Magyar Huszar |
Match timeline
| 2:47 | JeanLuc Petard · wall_segment Palisade Wall x1 |
| 2:50 | JeanLuc Petard · wall_segment Palisade Wall x1 |
| 2:53 | JeanLuc Petard · wall_segment Palisade Wall x1 |
| 2:56 | JeanLuc Petard · wall_segment Palisade Wall x1 |
| 3:53 | JeanLuc Petard · wall_segment Palisade Wall x1 |
| 3:54 | JeanLuc Petard · wall_segment Palisade Wall x1 |
| 3:55 | JeanLuc Petard · wall_segment Palisade Wall x1 |
| 3:57 | JeanLuc Petard · wall_segment Palisade Wall x1 |
| 5:21 | JeanLuc Petard · wall_segment Palisade Wall x1 |
| 5:22 | JeanLuc Petard · wall_segment Palisade Wall x1 |
| 5:36 | JeanLuc Petard · wall_segment Palisade Wall x1 |
| 7:12 | JeanLuc Petard · wall_segment Palisade Wall x1 |
| 7:13 | JeanLuc Petard · wall_segment Palisade Wall x1 |
| 7:13 | Berrante · first_building Barracks |
| 7:14 | JeanLuc Petard · wall_segment Palisade Wall x1 |
| 7:27 | JeanLuc Petard · wall_segment Palisade Wall x3 |
| 8:16 | JeanLuc Petard · wall_segment Palisade Wall x1 |
| 8:18 | JeanLuc Petard · wall_segment Palisade Wall x1 |
| 8:19 | JeanLuc Petard · wall_segment Palisade Wall x1 |
| 8:33 | JeanLuc Petard · wall_segment Palisade Wall x1 |
| 8:35 | JeanLuc Petard · wall_segment Palisade Wall x1 |
| 9:09 | Berrante · age_up feudal |
| 9:29 | JeanLuc Petard · wall_segment Palisade Wall x1 |
| 9:49 | JeanLuc Petard · wall_segment Palisade Wall x1 |
| 10:07 | JeanLuc Petard · wall_segment Palisade Wall x1 |
| 10:10 | Berrante · wall_segment Palisade Wall x1 |
| 10:32 | JeanLuc Petard · wall_segment Palisade Wall x3 |
| 10:40 | JeanLuc Petard · age_up feudal |
| 10:58 | Berrante · wall_segment Palisade Wall x1 |
| 10:59 | Berrante · wall_segment Palisade Wall x1 |
| 11:19 | JeanLuc Petard · wall_segment Stone Wall x1 |
| 12:21 | JeanLuc Petard · first_market_sell 100 stone |
| 12:24 | JeanLuc Petard · first_market_buy 100 food |
| 13:53 | Berrante · wall_segment Palisade Wall x2 |
| 13:53 | Berrante · wall_segment Palisade Wall x1 |
| 13:53 | Berrante · wall_segment Palisade Wall x1 |
| 13:54 | Berrante · wall_segment Palisade Wall x1 |
| 13:54 | Berrante · wall_segment Palisade Wall x1 |
| 13:54 | Berrante · wall_segment Palisade Wall x1 |
| 14:00 | JeanLuc Petard · wall_segment Stone Wall x2 |
| 14:05 | JeanLuc Petard · wall_segment Palisade Wall x4 |
| 14:15 | Berrante · wall_segment Stone Wall x1 |
| 14:16 | Berrante · wall_segment Stone Wall x1 |
| 14:16 | JeanLuc Petard · wall_segment Palisade Wall x3 |
| 14:16 | Berrante · wall_segment Stone Wall x2 |
| 14:16 | Berrante · wall_segment Stone Wall x1 |
| 14:17 | Berrante · wall_segment Stone Wall x1 |
| 14:17 | Berrante · wall_segment Stone Wall x1 |
| 14:17 | Berrante · wall_segment Stone Wall x1 |
| 14:17 | Berrante · wall_segment Stone Wall x1 |
| 14:18 | Berrante · wall_segment Stone Wall x2 |
| 14:18 | Berrante · wall_segment Stone Wall x2 |
| 14:18 | Berrante · wall_segment Stone Wall x1 |
| 14:19 | Berrante · wall_segment Stone Wall x1 |
| 14:19 | Berrante · wall_segment Stone Wall x1 |
| 14:19 | Berrante · wall_segment Stone Wall x1 |
| 14:19 | Berrante · wall_segment Stone Wall x1 |
| 14:20 | Berrante · wall_segment Stone Wall x1 |
| 14:20 | Berrante · wall_segment Stone Wall x2 |
| 14:21 | Berrante · wall_segment Stone Wall x2 |
| 14:21 | Berrante · wall_segment Stone Wall x2 |
| 14:22 | Berrante · wall_segment Stone Wall x1 |
| 14:22 | Berrante · wall_segment Stone Wall x2 |
| 14:22 | Berrante · wall_segment Stone Wall x1 |
| 14:23 | Berrante · wall_segment Stone Wall x1 |
| 14:30 | JeanLuc Petard · wall_segment Palisade Wall x3 |
| 15:37 | Berrante · wall_segment Palisade Wall x1 |
| 15:38 | Berrante · wall_segment Palisade Wall x1 |
| 15:56 | JeanLuc Petard · age_up castle |
| 16:00 | JeanLuc Petard · first_building Castle |
| 17:22 | Berrante · wall_segment Stone Wall x7 |
| 17:29 | Berrante · wall_segment Stone Wall x7 |
| 17:43 | Berrante · wall_segment Stone Wall x8 |
| 17:47 | Berrante · wall_segment Stone Wall x1 |
| 17:52 | Berrante · wall_segment Stone Wall x16 |
| 18:13 | Berrante · wall_segment Palisade Wall x12 |
| 19:46 | Berrante · first_market_buy 100 food |
| 19:51 | Berrante · wall_segment Stone Wall x3 |
| 19:52 | Berrante · wall_segment Stone Wall x2 |
| 19:55 | Berrante · wall_segment Stone Wall x2 |
| 19:58 | Berrante · wall_segment Stone Wall x10 |
| 20:11 | Berrante · wall_segment Stone Wall x1 |
| 20:13 | Berrante · wall_segment Stone Wall x1 |
| 20:35 | Berrante · wall_segment Stone Wall x1 |
| 20:37 | Berrante · wall_segment Stone Wall x2 |
| 20:45 | Berrante · wall_segment Stone Wall x1 |
| 21:31 | Berrante · wall_segment Palisade Wall x1 |
| 21:33 | Berrante · wall_segment Palisade Wall x1 |
| 21:36 | Berrante · wall_segment Palisade Wall x1 |
| 21:38 | Berrante · wall_segment Stone Wall x1 |
| 21:42 | Berrante · wall_segment Stone Wall x1 |
| 21:44 | Berrante · wall_segment Stone Wall x1 |
| 21:46 | Berrante · wall_segment Stone Wall x1 |
| 21:47 | Berrante · wall_segment Stone Wall x1 |
| 22:11 | Berrante · resign |
[ AI ANALYSIS · 1 CREDIT ]
What really happened in this match?
Wolo.gg analyzes every decision: build order, eco, micro, common mistakes by bracket. Personalized analysis on WhatsApp or Discord in 30 seconds.
Civ guide
Magyars
Perfil
Jugador #567639